 Dungeon Crawl Stone Soup version 0.31-a0-1074-g0b22e4e0f1 (console) character file.

Game seed: 4034333947995852046

4 petzl the Sneak (level 1, -1/16 (18) HPs)
             Began as a Formicid Delver on Nov 27, 2023.
             Slain by a hobgoblin (4 damage)
             ... on level 3 of the Dungeon.
             The game lasted 00:09:45 (1403 turns).

petzl the Sneak (Formicid Delver)                   Turns: 1403, Time: 00:09:46

HP:   -1/16 (18)    AC:  5    Str: 16    XL:     1   Next: 77%
MP:   2/2           EV: 11    Int:  9    God:
Gold: 170           SH:  0    Dex: 15    Spells: 2/2 levels left

rFire   . . .        b - +0 orcbow
rCold   . . .        (no shield)
rNeg    . . .        h - +0 ring mail
rPois   .            (helmet unavailable)
rElec   .            (no cloak)
rCorr   .            (no gloves)
SInv    +            (no boots)
Will    .....        (no amulet)
Stlth   +++          (no ring)
HPRegen 0.22/turn    (no ring)
MPRegen 0.08/turn

%: no passive effects
@: lethally poisoned (-1 -> -5), attractive, heavily drained
A: permanent stasis, dig shafts and tunnels, antennae 3, four strong arms
a: Dig, Shaft Self


You were on level 3 of the Dungeon.
You visited 2 branches of the dungeon, and saw 8 of its levels.

You collected 170 gold pieces.

Inventory:

Hand Weapons
 a - a +0 mace
 b - a +0 orcbow (weapon)
Missiles
 g - 2 poisoned darts
Armour
 h - a +0 ring mail (worn)
 i - a +0 leather armour
Wands
 f - a wand of digging (2)
Scrolls
 c - a scroll of amnesia {unknown}
 d - a scroll of teleportation {unknown}
 e - 2 scrolls of identify {unknown}
 j - a scroll of butterflies {unknown}
 n - a scroll of vulnerability {unknown}
Potions
 k - a potion of cancellation {unknown}
 l - a potion of attraction
 m - a potion of mutation {unknown}


   Skills:
 - Level 3.2 Fighting
 - Level 2.0 Maces & Flails
 + Level 0.0 Ranged Weapons
 - Level 1.7 Dodging
 - Level 6.0 Stealth
 + Level 1.2 Spellcasting


You had 2 spell levels left.
You didn't know any spells.
Your spell library contained the following spells:

 Spells                   Type           Power      Damage    Failure   Level
 Hailstorm                Conj/Ice       0%         3d3       91%         3
 Summon Ice Beast         Ice/Summ       0%         N/A       100%        4
 Simulacrum               Ice/Necr       0%         N/A       100%        6
 Ozocubu's Refrigeration  Ice            0%         4d7       100%        7
 Polar Vortex             Ice            0%         N/A       100%        9


Dungeon Overview and Level Annotations

Branches:
Dungeon (8/15)             Temple (1/1) D:7
   Lair: D:8-11

Altars:
Ashenzari
Cheibriados
Dithmenos
Fedhas
Gozag
Makhleb
Nemelex Xobeh
Okawaru
Qazlal
Ru
Uskayaw
Wu Jian
Zin
The Shining One

Annotations:
D:5 exclusion: downstairs
D:6 exclusion: sensed monster (detected), Dowan, Duvessa
D:7 exclusions: scorpion and sky beast, Prince Ribbit
D:8 exclusion: 5 sensed monsters (detected)


Innate Abilities, Weirdness & Mutations

You cannot be hasted, slowed, berserked, paralysed or teleported.
You can dig through walls and to a lower floor.
You have a pair of large antennae on your head. (SInv)
Your four strong arms can wield two-handed weapons with a shield.


Message History

Found 17 gold pieces.
Found a stone staircase leading up.
There is a stone staircase leading up here.
You climb upwards.
Level annotation: exclusion: downstairs The kobold throws a stone.
The stone hits you but does no damage.
There is a stone staircase leading down here.
The kobold throws a stone.
The stone barely misses you.
The stone hits the hound.
The hound bites you. The hound barely misses you.
The kobold throws a stone.
The stone hits you but does no damage. The hound closely misses you.
There is a stone staircase leading up here.
The hound misses you. The hound bites you.
You climb upwards.
There is a stone staircase leading down here.
As you read the scroll of fear, it crumbles to dust.
You assume a fearsome visage.
The hound looks frightened!
The adder hisses angrily.
The adder barely misses you. The hobgoblin hits you.
The orc shouts!
The adder closely misses you. x2
The hobgoblin attacks as it pursues you!
The hobgoblin hits you but does no damage.
The adder attacks as it pursues you! The adder closely misses you.
An orc comes into view. It is wielding a +0 whip.
There is a stone staircase leading up, spattered with blood here.
The adder closely misses you. The hobgoblin hits you.
The adder bites you but does no damage.
You climb upwards.
The hound barely misses you. The adder bites you.
* * * LOW HITPOINT WARNING * * *
You are lethally poisoned!
The adder poisons you!
There is a stone staircase leading down here.
It was a potion of attraction.
You feel attractive to monsters.
* * * LOW HITPOINT WARNING * * *
You feel sick. The hound completely misses you. The adder barely misses you.
The adder closely misses you. The hound bites you but does no damage.
The hobgoblin hits you.
You die...

###### #....# #....# #....#
############ #....#
#.....#.....###....##
....................#########
.............................
.........÷....#....†.^.......
.......o......#...........###
................##........#
........@g................#
.......SSh....#...........#
|............##...........#
............###..........##
..$....###.## .......>.#.#{
....... ... {...........
....... ###. ..........#S
......# .............. ......


You could see a hound, an orc priest, 2 adders and a hobgoblin.

Vanquished Creatures
  A giant cockroach (D:3)
  A hobgoblin (D:3)
  A ball python (D:3)
  2 rats (D:3)
5 creatures vanquished.

Notes
Turn   | Place    | Note
-------+----------+-------------------------------------------
     0 | D:5      | petzl the Formicid Delver began the quest for the Orb.
     0 | D:5      | Reached XP level 1. HP: 18/18 MP: 1/1
     4 | D:4      | Noticed a hound
    10 | D:4      | Noticed a hound
    15 | D:4      | Noticed an orc priest
    70 | D:3      | Reached skill level 1 in Spellcasting
   131 | D:2      | You fall into a shaft and drop 2 floors!
   224 | D:3      | You fall into a shaft and drop 3 floors!
   315 | D:6      | Noticed Dowan
   318 | D:6      | Noticed Duvessa
   352 | D:6      | Noticed an ice beast
   407 | D:5      | Noticed a hound
   412 | D:5      | You fall into a shaft and drop 3 floors!
   517 | D:8      | Noticed a steam dragon
   627 | D:7      | Noticed Prince Ribbit
   691 | D:7      | Noticed a steam dragon
   745 | D:7      | Noticed a scorpion
   782 | D:7      | Noticed a sky beast
   801 | D:7      | Found a staircase to the Ecumenical Temple.
   807 | Temple   | Entered the Ecumenical Temple
  1020 | D:6      | Noticed an orc wizard
  1020 | D:6      | Noticed an orc wizard
  1027 | D:7      | Noticed an ogre
  1027 | D:7      | Noticed a bullfrog
  1031 | D:7      | You fall into a shaft and drop 1 floor!
  1281 | D:6      | Noticed a howler monkey
  1403 | D:3      | Slain by a hobgoblin

Illustrated notes

Levels and vault maps discovered:
D:2:      minmay_general_purpose_star, layout_loops_ring, serial_shops, shop,
          shop, nicolae_shop_just_a_little_nook, patterned_corridor
D:3:      layout_rooms, shapermc_ecumenical_altar_venn
D:4:      layout_rooms, palyth_temple_overflow_mages, serial_glass,
          glass_columns_a, glass_columns_a, serial_shops,
          nicolae_shop_behind_doors, shop, nicolae_shop_waterfront, shop,
          grunt_ministairs_13, uniq_ijyb
D:5:      layout_rooms, lemuel_round_altar, minitemple, minmay_misc_feat_plants
D:6:      kennysheep_steamy, layout_loops_ring, kennysheep_ying_yang,
          uniq_menkaure, uniq_maggie, uniq_duvessa
D:7:      layout_gridville, temple_green, chequers_serial_rivers_small_a,
          uniq_prince_ribbit1
D:8:      layout_loops_ring, nicolae_ossuary_entry_plus
Temple:   nicolae_temple_great_sept

Skill      XL: |  1 |
---------------+----+-----
Spellcasting   | 1 |  1.2
Fighting       | |  3.2
Maces & Flails | |  2.0
Dodging        | |  1.7
Stealth        | |  6.0

Action                     || total
---------------------------++-------
  Melee: Mace              ||    14
   Fire: Orcbow            ||     4
Ability: Shaft Self        ||     4
         Dig               ||     1
  Evoke: Wand              ||     1
    Use: Scroll            ||     4
         Potion            ||     1
 Armour: Leather armour    ||    28
         Ring mail         ||    23
  Dodge: Dodged            ||    50

Table legend: (Time is in decaauts)
 A = Elapsed time spent in this place.
 B = Non-inter-level travel time spent in this place.
 C = Inter-level travel time spent in this place.
 D = Time resting spent in this place.
 E = Time spent auto-exploring this place.
 F = Levels seen in this place.
 G = Mean time per level.
                   A        B        C        D        E       F      G
               +--------+--------+--------+--------+--------+-----+--------+
         Total |   1412 |   1322 |     90 |    219 |     61 |   8 |  176.5 |
       Dungeon |   1410 |   1321 |     89 |    219 |     61 |   7 |  201.4 |
        Temple |      1 |      0 |      1 |      0 |      0 |   1 |    1.0 |
               +--------+--------+--------+--------+--------+-----+--------+

Top non-repeatable levels by time:
     D:7: 412 daAuts
     D:6: 405 daAuts
     D:8: 286 daAuts
     D:4: 121 daAuts
     D:3: 113 daAuts
     D:5: 59 daAuts
     D:2: 11 daAuts
  Temple: 1 daAuts
